 Dungeon Crawl Stone Soup version 0.20.1-1-g8b1a95d66d (webtiles) character file.

364 Jynx the Cudgeler (level 6, -6/48 HPs)
             Began as a Demonspawn Berserker on Dec 22, 2017.
             Was a Believer of Trog.
             Mangled by a wight
             ... wielding a +0 battleaxe
              (16 damage)
             ... on level 3 of the Dungeon.
             The game lasted 00:03:42 (2724 turns).

Jynx the Cudgeler (Demonspawn Berserker)            Turns: 2724, Time: 00:03:43

Health: -6/48      AC:  7    Str: 17    XL:     6   Next: 39%
Magic:  6/6        EV: 12    Int: 14    God:    Trog [**....]
Gold:   99         SH:  0    Dex: 19    Spells: 5/5 levels left

rFire    + . .     SeeInvis .   a - +0 mace
rCold    . . .     Gourm    .   (no shield)
rNeg     . . .     Faith    .   q - +2 ring mail {MR+}
rPois    .         Spirit   .   (helmet restricted)
rElec    .         Reflect  .   l - scarf {cloud immunity}
rCorr    .         Harm     .   (no gloves)
MR       +....                  (no boots)
Stlth    +.........             (no amulet)
Regen    0.2/turn               m - +5 ring of dexterity
MPRegen  0.1/turn               (no ring)

@: brilliant, berserk cooldown, slowed, drained, very slow
A: antennae 1, fire resistance 1, powered by death 1
a: Berserk, Trog's Hand, Burn Spellbooks, Renounce Religion


You were on level 3 of the Dungeon.
You worshipped Trog.
Trog was pleased with you.
You were near starving.

You visited 1 branch of the dungeon, and saw 3 of its levels.

You collected 99 gold pieces.

Inventory:

Hand Weapons
 a - a +0 mace (weapon)
Armour
 l - a scarf of cloud immunity (worn)
 q - a +2 ring mail of magic resistance (worn)
Jewellery
 m - a +5 ring of dexterity (left hand)
Scrolls
 g - a scroll of remove curse
 i - a scroll of blinking {unknown}
 k - a scroll of enchant weapon {unknown}
 n - a scroll of recharging
 p - a scroll of enchant armour {unknown}
Potions
 e - a potion of resistance {unknown}
Comestibles
 c - 4 bread rations
 o - a chunk of flesh


   Skills:
 + Level 4.2(3.3) Fighting
 * Level 4.6(3.6) Maces & Flails
 + Level 3.1(2.2) Armour
 + Level 3.1(2.2) Dodging


You had 5 spell levels left.
You didn't know any spells.

Dungeon Overview and Level Annotations

Branches:
Dungeon (3/15)

Altars:


Innate Abilities, Weirdness & Mutations

You have a pair of small antennae on your head.
Your flesh is heat resistant. (rF+)
You regenerate a little health from kills.


Message History

The wight hits you with an enchanted war axe.
* * * LOW HITPOINT WARNING * * *
The wight barely misses you.
It was a potion of brilliance.
You feel clever all of a sudden. The wight completely misses you.
The wight barely misses you.
You are near starving!
The wight closely misses you. The wight hits you but does no damage.
The wight misses you. The wight closely misses you.
You closely miss the wight.
The wight is moderately damaged.
The wight completely misses you.
The wight hits you from afar with a trident.
* * * LOW HITPOINT WARNING * * *
You feel drained.
* * * LOW HITPOINT WARNING * * *
The wight completely misses you. The wight hits you but does no damage.
The wight hits you with a battleaxe!
You die...

...........###........
..##.###.##.......... #(
#..##............. #
#(##....##........... .#.
##....................
....#..#.>.............###
....##................#.
#.)##.................
#†..@z...............
........##z#............#.
#######.##z#..##........##
##.....z....####.####
..............# #.# #
####..........# #.# #
########..## #.# # #...#
### # ##..## #


You could see 3 wights.

Vanquished Creatures
  An ogre (D:3)
  2 wights (D:3)
  Natasha (thrice) (D:2)
  6 adders
  An ooze (D:1)
  2 worms (D:2)
  2 dart slugs
  3 leopard geckos
  6 orcs (D:3)
  A giant cockroach (D:2)
  5 goblins
  9 hobgoblins
  2 jackals (D:3)
  2 bats (D:2)
  2 frilled lizards (D:1)
  8 kobolds
  2 rats
57 creatures vanquished.

Notes
Turn   | Place    | Note
-------+----------+-------------------------------------------
     0 | D:1      | Jynx the Demonspawn Berserker began the quest for the Orb.
     0 | D:1      | Reached XP level 1. HP: 18/18 MP: 1/1
   182 | D:1      | Gained mutation: Your flesh is heat resistant. (rF+) [demonic ancestry]
   182 | D:1      | Reached XP level 2. HP: 24/24 MP: 2/2
   912 | D:2      | Reached XP level 3. HP: 21/29 MP: 3/3
   987 | D:2      | Noticed Natasha
  1000 | D:2      | Killed Natasha
  1045 | D:2      | Noticed Natasha
  1207 | D:2      | Reached XP level 4. HP: 19/35 MP: 4/4
  1372 | D:2      | Reached ** piety under Trog
  1828 | D:2      | Killed Natasha
  1937 | D:2      | Gained mutation: You regenerate a little health from kills. [demonic ancestry]
  1937 | D:2      | Reached XP level 5. HP: 42/42 MP: 5/5
  2020 | D:2      | Noticed Natasha
  2031 | D:2      | Killed Natasha
  2591 | D:3      | Noticed an ogre
  2599 | D:3      | Killed an ogre
  2599 | D:3      | Gained mutation: You have a pair of small antennae on your head. [demonic ancestry]
  2599 | D:3      | Reached XP level 6. HP: 48/48 MP: 6/6
  2724 | D:3      | Mangled by a wight

Skill      XL: |  1  2  3  4  5 |
---------------+----------------+-----
Dodging        | 2 3 |  3.1
Armour         | 2 3 |  3.1
Maces & Flails | 3 4 |  4.6
Fighting       | 4 |  4.2

Action                   |  1- 3 |  4- 6 || total
-------------------------+-------+-------++-------
Melee: Mace              |    65 |   120 ||   185
Invok: Berserk           |     1 |     5 ||     6
  Use: Scroll            |     3 |     4 ||     7
       Potion            |       |     1 ||     1
 Stab: Sleeping          |     1 |     1 ||     2
  Eat: Chunk             |     2 |     3 ||     5
       Meat ration       |       |     1 ||     1
Armor: Animal skin       |     5 |    10 ||    15
       Ring mail         |       |    11 ||    11
Dodge: Dodged            |    32 |   102 ||   134
